 Dungeon Crawl Stone Soup version 0.24-a0-70-gf44d0c5 (console) character file.

Game seed: 6576398978746434768

2299 Duffy the Conjurer (level 9, -3/68 HPs)
             Began as a Naga Fire Elementalist on Feb 6, 2019.
             Was a Believer of Vehumet.
             Slain by a wraith (12 damage)
             ... on level 7 of the Dungeon.
             The game lasted 00:09:39 (6843 turns).

Duffy the Conjurer (Naga Fire Elementalist)         Turns: 6843, Time: 00:09:39

Health: -3/68      AC:  6    Str: 10    XL:     9   Next: 40%
Magic:  4/18       EV: 10    Int: 18    God:    Vehumet [**....]
Gold:   88         SH:  0    Dex: 13    Spells: 5/21 levels left

rFire    + . .     SeeInvis +   w - +2 falchion (elec)
rCold    x . .     Gourm    .   (no shield)
rNeg     . . .     Faith    .   a - +0 robe
rPois    +         Spirit   .   (no helmet)
rElec    .         Reflect  .   o - +0 cloak
rCorr    .         Harm     .   s - +0 pair of gloves
MR       +....                  (no barding)
Stlth    ++........             e - amulet of the acrobat
HPRegen  0.21/turn              u - ring of fire
MPRegen  0.16/turn              (no ring)

@: slowed, lightly drained, very slow
A: large, see invisible, deformed body, poison resistance, slowness 2, slow
metabolism 1, spit poison 1, AC +3
a: Spit Poison, Renounce Religion


You were on level 7 of the Dungeon.
You worshipped Vehumet.
Vehumet was pleased with you.
You were hungry.

You visited 1 branch of the dungeon, and saw 7 of its levels.

You collected 276 gold pieces.
You spent 188 gold pieces at shops.

Inventory:

Hand Weapons
 q - a +0 blowgun
 w - a +2 falchion of electrocution (weapon)
Missiles
 r - 4 poisoned needles
Armour
 a - a +0 robe (worn)
 o - a +0 cloak (worn)
 s - a +0 pair of gloves (worn)
Jewellery
 e - an amulet of the acrobat (around neck)
 u - a ring of fire (left hand)
Wands
 B - a wand of scattershot (7)
 D - a wand of flame (13)
 F - a wand of iceblast (7)
 G - a wand of digging (6)
 H - a wand of enslavement (7)
Scrolls
 d - 3 scrolls of magic mapping {unknown}
 g - 4 scrolls of teleportation
 h - 7 scrolls of identify
 i - 4 scrolls of blinking
 j - a scroll of enchant weapon {unknown}
 m - 3 scrolls of fog {unknown}
 v - a scroll of noise {unknown}
 y - 2 scrolls of remove curse {unknown}
 A - a scroll of fear {unknown}
Potions
 b - 3 potions of lignification {unknown}
 f - 5 potions of curing {unknown}
 k - a potion of degeneration {unknown}
 l - 4 potions of haste
 n - a potion of flight {unknown}
 p - 2 potions of mutation {unknown}
 t - a potion of heal wounds {unknown}
 x - a potion of resistance {unknown}
 z - a potion of invisibility {unknown}
 C - 2 potions of brilliance {unknown}
Comestibles
 c - 11 rations
 E - 3 chunks of flesh


   Skills:
 - Level 1.5(1.4) Dodging
 - Level 3.0(2.9) Stealth
 + Level 6.5(6.4) Spellcasting
 + Level 7.5(7.4) Conjurations
 + Level 7.5(7.3) Fire Magic
 + Level 0.4(0.3) Earth Magic


You had 5 spell levels left.
You knew the following spells:

 Your Spells              Type           Power        Failure   Level  Hunger
h - Flame Tongue          Conj/Fire      #####        1%          1    None
j - Sticky Flame          Conj/Fire      #####...     5%          4    ####...
k - Fireball              Conj/Fire      #####.....   16%         5    #####..
l - Conjure Flame         Conj/Fire      #####...     1%          3    ##.....
y - Stone Arrow           Conj/Erth      ###...       7%          3    ##.....

Your spell library contained the following spells:

 Spells                   Type           Power        Failure   Level  Hunger
 Throw Flame              Conj/Fire      #####.       1%          2    None
 Inner Flame              Hex/Fire       ####....     8%          3    ##.....
 Summon Small Mammal      Summ           #...         12%         1    None
 Call Imp                 Summ           #.......     17%         2    None
 Call Canine Familiar     Summ           #.......     34%         3    ##.....
 Summon Guardian Golem    Hex/Summ       #.......     34%         3    ##.....
 Summon Ice Beast         Ice/Summ       #.......     75%         4    ####...
 Summon Lightning Spire   Summ/Air       #.......     75%         4    ####...


Dungeon Overview and Level Annotations

Branches:
Dungeon (7/15)             Temple (0/1) D:6

Altars:
Cheibriados
Elyvilon
Fedhas
Hepliaklqana
Sif Muna
Vehumet

Shops:
D:4 ?

Annotations:
D:5 2 transporters, Ratty's ghost, amateur DsFi


Innate Abilities, Weirdness & Mutations

You cannot wear boots.
Your serpentine skin is tough. (AC +3)
You have supernaturally acute eyesight. (SInv)
Armour fits poorly on your strangely shaped body.
Your system is resistant to poisons. (rPois)
You cover ground very slowly.
You have a slow metabolism.
You can spit poison.


Message History

Cast which spell? (? or * to list)
Aiming: Flame Tongue (safe; 1% risk of failure)
Press: ? - help, Shift-Dir - straight line, f/p - wraith
Aim: a wraith (almost destroyed)
You feel a surge of power!
The flame tongue hits the wraith but does no damage.
The wraith is almost destroyed.
The wraith hits you. The wraith drains your vigour!
You feel as though you will be slow longer.
Cast which spell? (? or * to list)
Aiming: Flame Tongue (safe; 1% risk of failure)
Press: ? - help, Shift-Dir - straight line, f/p - wraith
Aim: a wraith (almost destroyed)
You feel a surge of power!
The flame tongue hits the wraith but does no damage.
The wraith is almost destroyed.
The wraith barely misses you.
You riposte.
You hit the wraith but do no damage.
The wraith is almost destroyed.
The wraith hits you!
You die...

.....................
....^................#.
..................)....
......................
..................... #..
##................... #...
##.................... #..#
##............)......$.
#...##....@W.......)........
#..#.......................
#..........................
##....%#...................
##.....##...................
#.#.....##....................
#........#...................
#.....#..##.................
#....##...#...........


You could see a wraith.

Vanquished Creatures
  Grinder (D:3)
  Edmund (D:6)
  3 sky beasts
  An ogre (D:6)
  2 bullfrogs
  Blork the orc (D:6)
  2 scorpions (D:6)
  5 wights
  A howler monkey (D:5)
  4 crimson imps
  2 bullfrog zombies
  2 jellies
  2 hounds
  7 orc wizards
  2 centaur skeletons
  2 orc priests (D:4)
  Jessica (D:3)
  Natasha (thrice) (D:3)
  2 worker ants
  Ijyb (D:3)
  3 hound zombies
  A hound skeleton (D:4)
  9 adders
  2 shadow imps
  3 adder zombies
  2 adder skeletons
  2 dart slugs
  2 leopard geckos
  20 orcs
  A ball python (D:4)
  4 bats
  2 giant cockroaches
  8 goblins
  8 hobgoblins
  6 jackals
  5 quokkas
  A ball python zombie (D:5)
  2 frilled lizards
  A giant cockroach zombie (D:6)
  A jackal skeleton (D:6)
  7 kobolds
  A leopard gecko skeleton (D:5)
  A leopard gecko zombie (D:4)
  A quokka skeleton (D:4)
  3 quokka zombies (D:4)
  6 rats
147 creatures vanquished.

Notes
Turn   | Place    | Note
-------+----------+-------------------------------------------
     0 | D:1      | Duffy the Naga Fire Elementalist began the quest for the
                  | Orb.
     0 | D:1      | Reached XP level 1. HP: 15/15 MP: 3/3
   106 | D:1      | Reached XP level 2. HP: 10/22 MP: 0/5
  1077 | D:1      | Reached XP level 3. HP: 8/28 MP: 2/6
  1309 | D:1      | Learned a level 3 spell: Conjure Flame
  1474 | D:2      | Found a blossoming altar of Fedhas.
  1689 | D:2      | Reached XP level 4. HP: 36/36 MP: 5/7
  1721 | D:2      | Found a radiant altar of Vehumet.
  1730 | D:2      | Became a worshipper of Vehumet
  2227 | D:3      | Noticed Jessica
  2230 | D:3      | Killed Jessica
  2492 | D:3      | Noticed Ijyb
  2493 | D:3      | Noticed Natasha
  2530 | D:3      | Killed Ijyb
  2530 | D:3      | Reached XP level 5. HP: 42/42 MP: 2/9
  2789 | D:3      | Noticed Grinder
  2870 | D:2      | Learned a level 4 spell: Sticky Flame
  2986 | D:3      | Found a white marble altar of Elyvilon.
  2998 | D:3      | Killed Grinder
  2998 | D:3      | Reached XP level 6. HP: 45/49 MP: 5/11
  3228 | D:3      | Killed Natasha
  3365 | D:3      | Noticed Natasha
  3370 | D:3      | Killed Natasha
  3393 | D:3      | Found a white marble altar of Elyvilon.
  3511 | D:3      | Noticed Natasha
  3516 | D:3      | Killed Natasha
  3516 | D:3      | Reached XP level 7. HP: 47/55 MP: 7/12
  3721 | D:4      | Found Coyx's Magic Scroll Boutique.
  3728 | D:4      | Bought a scroll of identify for 26 gold pieces
  3728 | D:4      | Bought a scroll of identify for 26 gold pieces
  3728 | D:4      | Bought a scroll of teleportation for 39 gold pieces
  3820 | D:4      | Reached * piety under Vehumet
  3820 | D:4      | Offered knowledge of Sandblast by Vehumet.
  3888 | D:4      | Reached skill level 5 in Conjurations
  3888 | D:4      | Reached skill level 5 in Fire Magic
  4358 | D:4      | Learned a level 5 spell: Fireball
  4582 | D:5      | Entered Level 5 of the Dungeon
  4689 | D:5      | Found a hazy altar of Hepliaklqana.
  4731 | D:5      | Reached XP level 8. HP: 62/62 MP: 12/15
  4831 | D:5      | Reached skill level 5 in Spellcasting
  4985 | D:5      | Reached ** piety under Vehumet
  4985 | D:5      | Offered knowledge of Throw Frost by Vehumet.
  5102 | D:5      | Noticed a hornet
  5302 | D:5      | Found a snail-covered altar of Cheibriados.
  5412 | D:5      | Found a transporter.
  5412 | D:5      | Noticed Ratty's ghost (amateur DsFi)
  5413 | D:5      | Found a transporter.
  5568 | D:4      | Bought a scroll of blinking for 97 gold pieces
  5594 | D:6      | Found a staircase to the Ecumenical Temple.
  6094 | D:6      | Reached XP level 9. HP: 68/68 MP: 7/18
  6367 | D:6      | Noticed Edmund
  6373 | D:6      | Killed Edmund
  6527 | D:6      | Noticed Blork the orc
  6531 | D:6      | Killed Blork the orc
  6687 | D:6      | Found a deep blue altar of Sif Muna.
  6774 | D:7      | Offered knowledge of Stone Arrow by Vehumet.
  6785 | D:7      | Learned a level 3 spell: Stone Arrow
  6843 | D:7      | Slain by a wraith

Vault maps used:
D:1:      psy_arrival_wood_between_worlds, layout_basic
D:2:      layout_rooms, fedhas_altar_3, fiery_altar_vehumet
D:3:      layout_loops_ring, lemuel_doored_altar, uniq_grinder, uniq_jessica,
          uniq_ijyb, uniq_natasha
D:4:      layout_basic, serial_undead, serial_undead_d, serial_undead_e,
          serial_undead_a, serial_undead_c, serial_undead_a, serial_undead_e,
          serial_shops, shop, chequers_serial_rivers_small_a,
          kennysheep_generic_room_2
D:5:      layout_rooms, kennysheep_mini, cheibriados_altar_1, first_ration,
          gammafunk_ghost_hive
D:6:      layout_loops_ring, tgw_sif, minmay_temple_entry_sparse_star,
          st_stairs_12, uniq_edmund, uniq_blork_the_orc
D:7:      layout_basic, lemuel_round_altar, minmay_crossroads

Skill      XL: |  1  2  3  4  5  6  7  8  9 |
---------------+----------------------------+-----
Conjurations   | 2 3 4 5 6 7 |  7.5
Spellcasting   | 3 4 6 |  6.5
Fire Magic     | 4 5 6 7 |  7.5
Dodging        | |  1.5
Stealth        | |  3.0
Earth Magic    | |  0.4

Action                   |  1- 3 |  4- 6 |  7- 9 || total
-------------------------+-------+-------+-------++-------
Melee: Falchion          |       |     3 |    51 ||    54
 Fire: Blowgun           |       |     2 |       ||     2
 Cast: Flame Tongue      |    36 |    35 |   161 ||   232
       Sticky Flame      |       |     1 |    11 ||    12
       Conjure Flame     |       |       |     6 ||     6
 Abil: Spit Poison       |    33 |    19 |     4 ||    56
Evoke: Wand              |       |     1 |       ||     1
 Stab: Sleeping          |       |       |     1 ||     1
  Eat: Chunk             |     4 |     6 |    10 ||    20
Armor: Robe              |     4 |     6 |    41 ||    51
       Skin              |       |     1 |       ||     1
Dodge: Dodged            |    52 |    43 |    77 ||   172
       Rpst.: Falchion   |       |     3 |    35 ||    38

Table legend:
 A = Non-vault XP
 B = Vault XP
 C = Vault XP percentage of total XP
 D = Non-vault monster count
 E = Vault monster count
 F = Vault count percentage of total count
                 A         B        C        D         E       F
            +---------+---------+-------+---------+---------+-------
      Total |    2399 |     886 |  27.0 |     125 |      22 |  15.0
            +---------+---------+-------+---------+---------+-------
        D:1 |      34 |       0 |   0.0 |      19 |       0 |   0.0
        D:2 |     116 |       0 |   0.0 |      18 |       0 |   0.0
        D:3 |     161 |     363 |  69.3 |      21 |       4 |  16.0
        D:4 |     392 |     170 |  30.2 |      18 |      13 |  41.9
        D:5 |     529 |       0 |   0.0 |      23 |       0 |   0.0
        D:6 |     955 |     310 |  24.5 |      22 |       4 |  15.4
        D:7 |     212 |      43 |  16.9 |       4 |       1 |  20.0
            +---------+---------+-------+---------+---------+-------
